 Dungeon Crawl Stone Soup version 0.32-a0-909-gc671339a80 (webtiles) character file.

Game seed: 12719826663949372974

262608 jamsaran the Cloud Mage (level 19, 0/110 HPs)
             Began as a Tengu Summoner on Apr 7, 2024.
             Was a High Priest of Nemelex Xobeh.
             Slain by a +1 triple sword of freezing (34 damage)
             ... on level 2 of the Elven Halls.
             The game lasted 02:59:38 (60297 turns).

jamsaran the Cloud Mage (Tengu Summoner)           Turns: 60297, Time: 02:59:38

Health: 0/110      AC: 11    Str: 11    XL:     19   Next: 99%
Magic:  2/35       EV: 23    Int: 27    God:    Nemelex Xobeh [*****.]
Gold:   2142       SH: 10    Dex: 15    Spells: 1/40 levels left

rFire   + + .        y - +9 mace of the Last Thickets {freeze, Will++}
rCold   + + .        R - +3 buckler of the Saviour {SInv}
rNeg    + + .        B - +2 leather armour {rC+ rF+}
rPois   .            Z - +2 hat
rElec   .            e - scarf of Xissi {rC+ rF+, rN++}
rCorr   .            r - +2 pair of gloves
SInv    +            (boots unavailable)
Will    +++..        z - amulet of regeneration
Stlth   ++++         i - +5 ring of evasion
HPRegen 1.18/turn    G - +6 ring of intelligence
MPRegen 0.24/turn

%: acrobat
@: about to teleport, flying, very slightly contaminated, studying Shields
A: beak, talons 3, evasive flight, acrobatic
}: 2/15 runes: barnacled, gossamer
a: Renounce Religion, Draw Escape, Draw Destruction, Draw Summoning, Draw Stack,
Triple Draw, Deal Four, Stack Five


You were on level 2 of the Elven Halls.
You worshipped Nemelex Xobeh.
Nemelex Xobeh was extremely pleased with you.
You visited 6 branches of the dungeon, and saw 32 of its levels.
You also visited: Gauntlet and Ice Cave.

You collected 4816 gold pieces.
You spent 2674 gold pieces at shops.

Inventory:

Hand Weapons
 y - the +9 mace of the Last Thickets (weapon) {freeze, Will++}
   (You found it on level 9 of the Dungeon)

   Will++:    It greatly increases your willpower.
Armour
 e - the scarf of Xissi (worn) {rC+ rF+, rN++}
   (You acquired it on level 7 of the Dungeon)

   rN++:      It greatly protects you from negative energy.
 f - +0 acid dragon scales
 q - the +3 ring mail of Cotz {Str+3}
   (You bought it in a shop on level 13 of the Dungeon)

   Str+3:     It affects your strength (+3).
 r - a +2 pair of gloves (worn)
 B - a +2 leather armour of resistance (worn)
 P - a +0 buckler of reflection
 R - the +3 buckler of the Saviour (worn) {SInv}
   (You bought it in a shop on level 5 of the Dungeon)

   SInv:      It lets you see invisible.
 X - a +2 cloak of poison resistance
 Y - a scarf of invisibility
 Z - a +2 hat (worn)
Jewellery
 i - a +5 ring of evasion (left hand)
 t - a ring of magical power
 z - an amulet of regeneration (around neck)
 G - a +6 ring of intelligence (right hand)
 U - a +5 ring of evasion
Wands
 c - a wand of paralysis (51)
 k - a wand of acid (8)
 w - a wand of flame (36)
 I - a wand of digging (3)
 M - a wand of mindburst (6)
 S - a wand of polymorph (6)
Scrolls
 a - 3 scrolls of fog
 n - a scroll of fear
 s - 2 scrolls of immolation
 u - 2 scrolls of silence
 x - a scroll of butterflies
 C - 7 scrolls of enchant armour
 E - 7 scrolls of teleportation
 H - 7 scrolls of poison
 W - a scroll of revelation
Potions
 g - a potion of berserk rage
 h - 4 potions of haste
 j - 10 potions of curing
 l - 9 potions of enlightenment
 m - 3 potions of brilliance
 A - 3 potions of cancellation
 D - 4 potions of lignification
 F - 3 potions of might
 L - 4 potions of resistance
 Q - 2 potions of ambrosia
 T - 2 potions of invisibility


   Skills:
 - Level 9.0 Fighting
 - Level 9.0 Maces & Flails
 - Level 3.0 Polearms
 - Level 9.0 Armour
 - Level 9.0 Dodging
 - Level 9.0 Stealth
 - Level 12.0 Shields
 - Level 11.0 Spellcasting
 + Level 14.3 Conjurations
 - Level 9.0 Summonings
 - Level 9.0 Fire Magic
 - Level 3.0 Ice Magic
 - Level 23.0 Air Magic
 - Level 3.0 Alchemy
 - Level 15.0 Invocations
 - Level 3.0 Evocations


You had one spell level left.
You knew the following spells:

 Your Spells              Type           Power      Damage    Failure   Level
a - Airstrike             Air            48%        2d(7-23)  0%          4
c - Summon Lightning Spi  Summ/Air       79%        N/A       1%          4
l - Conjure Ball Lightni  Conj/Air       43%        3x3d15    1%          6
m - Mephitic Cloud        Conj/Alch/Air  73%        N/A       1%          3
p - Plasma Beam           Fire/Air       39%        2x1d53    1%          6
s - Swiftness             Air            96%        N/A       0%          3
z - Freezing Cloud        Conj/Ice/Air   36%        6-21      1%          5
M - Maxwell's Capacitive  Air            48%        ∞         3%          8

Your spell library contained the following spells:

 Spells                   Type           Power      Damage    Failure   Level
 Shock                    Conj/Air       100%       1d9       0%          1
 Foxfire                  Conj/Fire      100%       2x1d9     1%          1
 Summon Small Mammal      Summ           100%       N/A       1%          1
 Apportation              Tloc           28%        N/A       6%          1
 Call Imp                 Summ           100%       N/A       1%          2
 Cigotuvi's Dreadful Rot  Necr/Alch/Air  100%       N/A       1%          2
 Mercury Vapours          Alch/Air       100%       N/A       1%          2
 Call Canine Familiar     Summ           59%        N/A       1%          3
 Flame Wave               Conj/Fire      67%        2d15      1%          4
 Summon Blazeheart Golem  Fire/Summ      59%        N/A       1%          4
 Arcjolt                  Conj/Air       43%        1d53      1%          5
 Inner Flame              Hex/Fire       39%        N/A       2%          3
 Ensorcelled Hibernation  Hex/Ice        44%        N/A       4%          2
 Ignite Poison            Fire/Alch      47%        N/A       4%          4
 Sticky Flame             Fire/Alch      47%        2d9       4%          4
 Irradiate                Conj/Alch      28%        3d21      4%          5
 Ozocubu's Armour         Ice            31%        N/A       5%          3
 Starburst                Conj/Fire      33%        6d10      8%          6
 Jinxbite                 Hex            28%        N/A       9%          2
 Sublimation of Blood     Necr           14%        N/A       9%          2
 Animate Armour           Summ/Erth      78%        N/A       10%         4
 Fugue of the Fallen      Necr           14%        N/A       19%         3
 Maxwell's Portable Pile  Tloc           14%        2d(6-17)  19%         3
 Summon Cactus Giant      Summ           29%        N/A       22%         6
 Summon Forest            Summ/Tloc      19%        N/A       26%         5
 Summon Mana Viper        Hex/Summ       39%        N/A       26%         5
 Petrify                  Alch/Erth      22%        N/A       32%         4
 Alistair's Intoxication  Alch           20%        N/A       43%         5
 Anguish                  Hex/Necr       7%         N/A       52%         4
 Animate Dead             Necr           14%        N/A       52%         4
 Cause Fear               Hex            7%         N/A       52%         4
 Yara's Violent Unravell  Hex/Alch       11%        3d6       65%         5
 Summon Hydra             Summ           29%        N/A       77%         7
 Lee's Rapid Deconstruct  Erth           7%         3d6*      86%         5
 Eringya's Noxious Bog    Alch           15%        4d6       95%         6
 Enfeeble                 Hex            7%         N/A       100%        7
 Haunt                    Necr/Summ      19%        N/A       100%        7
 Manifold Assault         Tloc           7%         N/A       100%        7
 Discord                  Hex            7%         N/A       100%        8
 Disjunction              Tloc           7%         N/A       100%        8
 Infestation              Necr           7%         N/A       100%        8


Dungeon Overview and Level Annotations

Branches:
Dungeon (15/15)            Temple (0/1) D:5            Lair (5/5) D:11
 Shoals (4/4) Lair:2       Spider (4/4) Lair:2        Slime (0/5) Lair:4
    Orc (2/2) D:10            Elf (2/3) Orc:2        Vaults (0/5) D:14
 Depths (0/4) D:15          IceCv (visited)         Gauntlet (visited)

Altars:
Dithmenos
Fedhas
Gozag
Nemelex Xobeh
Okawaru
Qazlal
Ru
Vehumet
Wu Jian
Yredelemnul
Jiyva

Shops:
D:5 [   D:8 ::   D:13 *!*[:   Orc:2 ?!((*   Shoals:3 *

Annotations:
Shoals:3 Mara
Spider:3 Roxanne
Elf:1 3 runed translucent doors, Pooter's ghost, adept MiBe


Innate Abilities, Weirdness & Mutations

You have a beak for a mouth.
You have claws for feet.
Your magical flight helps you evade attacks. (EV +4)
You can magically evade attacks while moving or waiting.


Message History

You block the +5 lajatang of flaming's attack.
Unknown command.
You feel charge building up...
The +5 lajatang of flaming completely misses you.
You block the +5 lajatang of flaming's attack.
You feel charge building up...
The +5 lajatang of flaming completely misses you.
A deep elf knight comes into view. It is wielding a +1 vampiric scimitar.
The +5 lajatang of flaming barely misses you.
The electricity discharges through the +5 lajatang of flaming!!
The +5 lajatang of flaming vaporises in an electric haze!
The +5 lajatang of flaming falls from the air.
Unknown command.
Your lightning spire shoots out a bolt of lightning at the deep elf knight!
The bolt of electricity hits the deep elf knight!!
Casting: Maxwell's Capacitive Coupling (dangerous; 3% risk of failure)
Confirm with . or Enter, or press ? or * to list all spells.
Casting: Plasma Beam (dangerous; 1% risk of failure)
Press: ? - help, Dir - look around, f - activate The bolt of lightning hits the deep elf knight!!!
You kill the deep elf knight!
Unknown command.
You draw a card...
You have drawn the Cloud.
Clouds appear around your foes!
Casting: Plasma Beam (dangerous; 1% risk of failure)
Confirm with . or Enter, or press ? or * to list all spells.
You miscast Maxwell's Capacitive Coupling.
You are very lightly contaminated with residual magic.
You are caught in an explosion of electrical discharges!
The +1 triple sword of freezing hits you!!
* * * LOW HITPOINT WARNING * * *
The +1 triple sword of freezing freezes you.
* * * LOW HITPOINT WARNING * * *
You block the +1 triple sword of freezing's attack.
You block the +1 triple sword of freezing's attack.
As you read the scroll of teleportation, it crumbles to dust.
You feel strangely unstable.
You block the +1 triple sword of freezing's attack.
The +1 triple sword of freezing hits you!!
You die...
Your body glows with a rainbow of weird colours and disappears.

,*,,,*,.........#.#
*,,,,,*........#..#
,,,,,,,#......#...#
,,,,,,,.#....#....#
,,,,,,,..#..#.....#
...,......##......#
..........##......#
.........#..#...(.#
........#....#..@.#
.......#......#...#
#.....#........#..#
.#...#..........#.#
..#*#............##
..# #............#
..###............##
.#...#..........#.#
#.....#........#..#


You could see a +1 triple sword of freezing.

Vanquished Creatures
  Mlioglotl (Shoals:4)
  A deep elf blademaster (Elf:2)
  Kirke (D:14)
  5 ghost moths
  5 emperor scorpions
  3 broodmothers
  3 deep elf death magi
  2 deep elf annihilators (Elf:1)
  3 merfolk javelineers
  4 merfolk impalers (Shoals:4)
  An entropy weaver (Spider:4)
  Fannar (Lair:3)
  3 vault guards (D:14)
  3 hydras
  A ghost crab (Gauntlet)
  An alligator snapping turtle (Shoals:4)
  A radroach (Spider:4)
  An alligator (Lair:5)
  2 centaur warriors
  An ogre mage (D:15)
  27 dancing weapons
  2 merfolk avatars
  3 boulder beetles
  A catoblepas (Lair:5)
  A satyr (Shoals:2)
  3 demonic crawlers
  A death scarab (Gauntlet)
  A death yak (Lair:5)
  3 two-headed ogres
  3 merfolk aquamancers (Shoals:4)
  An orc high priest (Orc:2)
  8 deep elf knights
  2 skeletal warriors
  4 skysharks
  5 sea snakes
  2 spriggan druids (Elf:1)
  2 sun moths (Spider:3)
  4 orb spiders (Spider:4)
  5 deep elf archers
  A spectral hydra (Gauntlet)
  3 steelbarb worms
  14 deep elf pyromancers
  3 thermic dynamos
  8 deep elf zephyrmancers
  2 fauns
  A steelbarb worm (shapeshifter) (Elf:1)
  3 orc knights
  3 oklob plants (Lair:4)
  3 ugly things (D:15)
  2 moths of wrath (Spider:4)
  Maurice (D:7)
  14 wolf spiders
  2 cyclopes
  8 manticores
  2 elephants (Lair:5)
  A mana viper (shapeshifter) (Elf:1)
  3 water nymphs
  3 merfolk sirens
  2 black mambas
  A gargoyle (D:13)
  5 torpor snails
  A cane toad (shapeshifter) (D:15)
  3 cane toads
  A rime drake (Lair:5)
  A komodo dragon (Lair:5)
  A komodo dragon (shapeshifter) (D:15)
  2 ice devils (IceCv)
  6 merfolk
  A polar bear (Lair:4)
  3 hornets (Lair:5)
  2 trolls
  A tyrant leech (Lair:5)
  3 wind drakes (Shoals:4)
  11 jumping spiders
  A blink frog (Lair:3)
  8 tarantellas
  4 snapping turtles
  2 slime creatures (D:14)
  A dream sheep (Shoals:4)
  7 air elementals
  10 culicivoras
  24 water elementals
  A wyvern (D:7)
  5 yaks
  2 humans
  5 fire elementals
  2 basilisks (Lair:2)
  A vampire mosquito (D:13)
  5 hogs
  2 death yak simulacra (IceCv)
  A harpy simulacrum (IceCv)
  15 redbacks
  An acid dragon (Spider:3)
  4 water moccasins
  A hydra simulacrum (IceCv)
  15 orc warriors
  3 ogres
  11 wolves
  A kobold brigand (D:9)
  A weeping skull (D:5)
  A brain worm (D:14)
  A bullfrog (Lair:1)
  A cane toad simulacrum (IceCv)
  2 earth elementals
  A scorpion (D:5)
  2 wights
  4 killer bees
  2 elephant simulacra (IceCv)
  11 electric eels
  A hound (D:11)
  A gnoll bouda (D:5)
  5 orc priests
  A jelly (D:6)
  4 orc wizards
  A polar bear simulacrum (IceCv)
  An adder (D:6)
  9 gnolls
  24 orcs
  8 endoplasms
  5 giant cockroaches
  9 goblins
  A hobgoblin (D:3)
  3 jackals (D:1)
  7 kobolds
  2 quokkas
  3 ball pythons
  4 bats
  2 frilled lizards
  A rat (D:3)
492 creatures vanquished.

Vanquished Creatures (collateral kills)
  Rupert (D:14)
  Agnes (Spider:3)
  Polyphemus (Shoals:2)
  3 emperor scorpions (Spider:4)
  A broodmother (Spider:1)
  Nessos (D:12)
  A dire elephant (D:15)
  Azrael (D:13)
  A minotaur (Gauntlet)
  Snorg (D:11)
  2 merfolk javelineers
  5 merfolk impalers
  An entropy weaver (Spider:2)
  A rakshasa (D:15)
  2 ice dragons (Lair:5)
  4 hydras
  A vault guard (D:14)
  A catoblepas (D:14)
  A merfolk avatar (Shoals:4)
  2 centaur warriors
  3 merfolk aquamancers (Shoals:4)
  4 radroaches
  An anaconda (Shoals:2)
  8 two-headed ogres
  5 boulder beetles
  A death scarab (Gauntlet)
  A jorogumo (Spider:2)
  4 orc high priests (Orc:2)
  5 demonic crawlers
  2 death yaks (Shoals:2)
  Sonja (D:13)
  3 deep elf knights (Elf:1)
  A salamander mystic (D:15)
  7 skeletal warriors
  A skyshark (Lair:5)
  2 sea snakes
  3 deep trolls (D:8)
  3 pharaoh ants
  2 spectral hydras (Gauntlet)
  4 orb spiders
  4 deep elf archers
  A lindwurm (Lair:5)
  An obsidian bat (Orc:1)
  4 thermic dynamos (Elf:1)
  A necromancer (IceCv)
  10 deep elf pyromancers
  7 steelbarb worms
  3 orc knights (Orc:2)
  8 deep elf zephyrmancers
  5 cyclopes
  4 manticores
  7 fauns
  2 orc sorcerers
  7 wolf spiders
  13 ugly things
  A black mamba (shapeshifter) (Elf:1)
  5 elephants (Lair:5)
  A moth of wrath (Spider:3)
  2 merfolk sirens
  3 torpor snails
  4 black mambas
  An ice statue (IceCv)
  5 water nymphs
  A kobold demonologist (D:13)
  8 cane toads
  A yaktaur (D:14)
  6 freezing wraiths (IceCv)
  2 rime drakes (Lair:4)
  A rime drake (shapeshifter) (D:12)
  9 ice devils (IceCv)
  3 komodo dragons
  8 wind drakes
  10 merfolk
  7 hornets
  4 trolls
  3 tyrant leeches (Lair:5)
  8 jumping spiders
  10 tarantellas
  2 blink frogs (Lair:3)
  2 snapping turtles (Shoals:4)
  5 culicivoras
  7 dream sheep
  7 slime creatures
  2 dire elephant simulacra (IceCv)
  6 water elementals
  An air elemental (Elf:1)
  A shadow (D:10)
  2 wraiths
  6 hogs
  3 wyverns
  7 humans
  5 fire elementals
  7 vampire mosquitoes
  17 yaks
  6 basilisks
  3 wargs
  A hog (shapeshifter) (D:15)
  29 redbacks
  5 death yak simulacra
  A steam dragon (D:7)
  4 acid dragons
  2 hydra simulacra (IceCv)
  8 water moccasins
  22 orc warriors
  4 black bears
  2 laughing skulls (D:14)
  8 ogres
  18 wolves
  An ice beast (D:6)
  2 centaurs
  2 kobold brigands
  2 weeping skulls (D:5)
  2 gnoll sergeants
  4 scorpions
  14 bullfrogs
  4 cane toad simulacra (IceCv)
  19 wights
  4 elephant simulacra
  14 killer bees
  2 howler monkeys (D:8)
  A centaur zombie (D:5)
  A bombardier beetle (D:5)
  2 bullfrog zombies (D:5)
  18 orc priests
  A human zombie (D:5)
  A jelly (D:6)
  Crazy Yiuf (D:4)
  3 hounds
  Ijyb (D:4)
  A polar bear simulacrum (Lair:3)
  3 sleepcaps
  5 iguanas
  16 orc wizards
  A spriggan simulacrum (IceCv)
  3 wolf simulacra (IceCv)
  A troll simulacrum (IceCv)
  A hound zombie (D:5)
  A mummy (D:5)
  Robin (D:3)
  27 gnolls
  5 adders
  A naga simulacrum (IceCv)
  5 white imps
  4 ufetubi
  A ribbon worm (D:4)
  56 orcs
  4 endoplasms
  2 giant cockroaches
  10 goblins
  3 hobgoblins
  4 jackals (D:1)
  16 kobolds
  2 ball pythons
  A frilled lizard (D:1)
  A rat (D:3)
740 creatures vanquished.

Vanquished Creatures (others)
  A dancing weapon (Elf:1)
  An orb spider (Spider:4)
  A water elemental (Elf:2)
  A human (D:14)
  2 orcs (D:11)
  4 tentacles (Shoals:3)
10 creatures vanquished.

Grand Total: 1242 creatures vanquished

Notes
Turn   | Place    | Note
-------+----------+-------------------------------------------
     0 | D:1      | jamsaran the Tengu Summoner began the quest for the Orb.
     0 | D:1      | Reached XP level 1. HP: 10/10 MP: 4/4
     6 | D:1      | Noticed a four-headed hydra
     6 | D:1      | Noticed a redback
     6 | D:1      | Noticed a lindwurm
     7 | D:1      | Noticed a mana viper
     7 | D:1      | Noticed a black bear
    43 | D:1      | Reached skill level 5 in Summonings
    54 | D:1      | Reached XP level 2. HP: 12/15 MP: 1/6
   388 | D:1      | Reached XP level 3. HP: 19/19 MP: 5/7
   392 | D:1      | Learned a level 3 spell: Call Canine Familiar
  1003 | D:2      | Reached XP level 4. HP: 24/24 MP: 3/9
  1172 | D:2      | Learned a level 4 spell: Summon Lightning Spire
  1300 | D:2      | Reached skill level 1 in Air Magic
  1601 | D:3      | Reached skill level 2 in Air Magic
  1658 | D:3      | Noticed Robin
  1680 | D:3      | Killed Robin
  1681 | D:3      | Reached XP level 5. HP: 28/28 MP: 8/10
  1754 | D:3      | Reached skill level 3 in Air Magic
  1767 | D:3      | Noticed an ogre
  2075 | D:3      | Found an iron altar of Okawaru.
  2139 | D:3      | Reached skill level 4 in Air Magic
  2179 | D:3      | Found a sparkling altar of Nemelex Xobeh.
  2187 | D:3      | Became a worshipper of Nemelex Xobeh the Trickster
  2196 | D:3      | Killed an ogre
  2197 | D:3      | Reached skill level 5 in Air Magic
  2197 | D:3      | Reached XP level 6. HP: 32/32 MP: 6/11
  2464 | D:4      | Reached skill level 6 in Air Magic
  2464 | D:4      | Gained mutation: Your magical flight helps you evade
                  | attacks. (EV +4) [Tengu growth]
  2464 | D:4      | Reached XP level 7. HP: 36/36 MP: 8/12
  2858 | D:4      | Noticed Ijyb
  2877 | D:4      | Killed Ijyb
  2901 | D:4      | Reached skill level 7 in Air Magic
  3133 | D:4      | Found a runed translucent door.
  3134 | D:4      | Noticed Crazy Yiuf
  3708 | D:4      | Killed Crazy Yiuf
  3793 | D:5      | Entered Level 5 of the Dungeon
  3877 | D:5      | Reached skill level 8 in Air Magic
  3878 | D:5      | Reached XP level 8. HP: 41/41 MP: 9/13
  3893 | D:5      | Reached skill level 9 in Air Magic
  4010 | D:5      | Found a staircase to the Ecumenical Temple.
  4040 | D:5      | Reached skill level 1 in Armour
  4175 | D:5      | Found Xyomeddemutt's Armour Shoppe.
  4193 | D:5      | Reached * piety under Nemelex Xobeh
  4354 | D:5      | Reached skill level 1 in Fighting
  4354 | D:5      | Reached skill level 1 in Shields
  5026 | D:5      | Found a basalt altar of Yredelemnul.
  5337 | D:5      | Reached XP level 9. HP: 48/48 MP: 2/14
  5611 | D:5      | Reached skill level 1 in Polearms
  5731 | D:5      | Reached skill level 1 in Invocations
  6318 | D:6      | Received a gift from Nemelex Xobeh
  6540 | D:6      | Found an opulent altar of Gozag.
  6564 | D:6      | Reached skill level 1 in Evocations
  6599 | D:6      | Paralysed by an orc for 2 turns
  6731 | D:6      | Found a sparkling altar of Nemelex Xobeh.
  6935 | D:6      | Reached ** piety under Nemelex Xobeh
  7703 | D:7      | Received a gift from Nemelex Xobeh
  7976 | D:7      | Identified 2 scrolls of acquirement
  7979 | D:7      | Acquired the scarf of Xissi {rC+ rF+, rN++}
  7991 | D:7      | Acquired a manual of Air Magic
  8004 | D:7      | Reached XP level 10. HP: 58/58 MP: 12/17
  8216 | D:7      | Noticed Maurice
  8217 | D:7      | Paralysed by Maurice for 4 turns
  8222 | D:7      | Paralysed by something for 5 turns
  8224 | D:7      | Something stole a +2 short sword of freezing
  8225 | D:7      | Something stole a ring of protection from cold
  8226 | D:7      | Something stole 397 gold
  8236 | D:7      | Paralysed by something for 4 turns
  8506 | D:8      | Reached skill level 5 in Fighting
  8557 | D:8      | Noticed a deep troll
  8564 | D:8      | Noticed a deep troll
  8601 | D:8      | Killed a deep troll
  8602 | D:8      | Reached skill level 5 in Spellcasting
  8771 | D:8      | Found a sacrificial altar of Ru.
  8782 | D:8      | Found Uli Yqym's Book Emporium.
  8975 | D:8      | Found Kaexael's Book Boutique.
  9085 | D:8      | Reached skill level 10 in Air Magic
  9251 | D:8      | Reached skill level 11 in Air Magic
  9330 | D:8      | Killed a deep troll
  9331 | D:8      | Reached skill level 12 in Air Magic
  9408 | D:8      | Noticed a deep troll
  9417 | D:8      | Killed a deep troll
  9418 | D:8      | Reached skill level 5 in Dodging
  9487 | D:8      | Found the necklace of Bloodlust {Fury *Rage Will++ Int-3
                  | Slay+6}
  9830 | D:9      | Reached XP level 11. HP: 64/64 MP: 16/21
  9955 | D:9      | Paralysed by a hornet for 3 turns
 10034 | D:9      | Found a radiant altar of Vehumet.
 10055 | D:9      | Identified the +9 mace of the Last Thickets {freeze,
                  | Will++}
 10108 | D:9      | Reached skill level 1 in Maces & Flails
 10119 | D:9      | Reached *** piety under Nemelex Xobeh
 10340 | D:9      | Noticed a boulder beetle
 10379 | D:9      | Killed a boulder beetle
 10508 | D:9      | Found a blossoming altar of Fedhas.
 10640 | D:9      | Found an ornate altar of the Wu Jian Council.
 10670 | D:10     | Entered Level 10 of the Dungeon
 10812 | D:10     | Noticed a manticore
 10817 | D:10     | a manticore changed into a komodo dragon
 10820 | D:10     | Reached skill level 5 in Maces & Flails
 10824 | D:10     | Acquired 1143 gold pieces
 10895 | D:8      | Bought a book of Air for 264 gold pieces
 10899 | D:8      | Learned a level 3 spell: Swiftness
 10904 | D:8      | Learned a level 4 spell: Airstrike
 10978 | D:7      | Something stole a throwing net
 10979 | D:7      | Something stole 760 gold
 10980 | D:7      | Something stole 273 gold
 10984 | D:7      | Killed Maurice
 11069 | D:5      | Bought the +3 buckler of the Saviour {SInv} for 460 gold
                  | pieces
 11601 | D:10     | Found a staircase to the Orcish Mines.
 11686 | D:10     | Received a gift from Nemelex Xobeh
 12201 | D:11     | Reached skill level 13 in Air Magic
 12235 | D:11     | Noticed a manticore
 12245 | D:11     | Killed a manticore
 12308 | D:11     | Reached XP level 12. HP: 70/70 MP: 3/22
 12516 | D:11     | Reached **** piety under Nemelex Xobeh
 12516 | D:11     | Received a gift from Nemelex Xobeh
 12836 | D:11     | Reached skill level 14 in Air Magic
 12840 | D:11     | Found a staircase to the Lair.
 13130 | D:11     | Reached skill level 5 in Shields
 13475 | D:11     | Found a radiant altar of Vehumet.
 13491 | D:11     | Noticed Snorg
 13498 | D:11     | Killed Snorg
 13616 | D:11     | Reached skill level 15 in Air Magic
 14196 | D:12     | Identified the +0 leather armour "Daredir" {rCorr Stlth+}
 14293 | Lair:1   | Entered Level 1 of the Lair of Beasts
 14559 | Orc:1    | Entered Level 1 of the Orcish Mines
 15027 | Orc:1    | Received a gift from Nemelex Xobeh
 15060 | Orc:1    | Reached skill level 16 in Air Magic
 15338 | Orc:2    | Entered Level 2 of the Orcish Mines
 15616 | Orc:2    | Found a staircase to the Elven Halls.
 15736 | Orc:2    | Reached ***** piety under Nemelex Xobeh
 15767 | Orc:2    | Reached skill level 17 in Air Magic
 15930 | Orc:2    | Found Pusu's General Store.
 15930 | Orc:2    | Received a gift from Nemelex Xobeh
 15938 | Orc:2    | Bought a scroll of identify for 28 gold pieces
 15938 | Orc:2    | Bought a scroll of teleportation for 42 gold pieces
 16069 | Orc:2    | Noticed an orc high priest
 16073 | Orc:2    | Reached skill level 18 in Air Magic
 16079 | Orc:2    | Killed an orc high priest
 16093 | Orc:2    | Reached XP level 13. HP: 74/74 MP: 14/23
 16309 | Orc:2    | Reached skill level 5 in Invocations
 16839 | Orc:2    | Found Laju's Antique Weapon Boutique.
 16842 | Orc:2    | Found Duruqugg's Distillery.
 16843 | Orc:2    | Found Xemost's Magic Scroll Boutique.
 16844 | Orc:2    | Found Ygifa's Antique Weapon Shop.
 16857 | Orc:2    | Bought a bloodstained scimitar for 315 gold pieces
 16857 | Orc:2    | Identified the +2 scimitar "Ypoekhli" {speed, SInv} (You
                  | bought it in a shop on level 2 of the Orcish Mines)
 16857 | Orc:2    | Bought a buzzing long sword for 297 gold pieces
 16857 | Orc:2    | Identified the +7 long sword "Nyvaptar" {freeze, rC+
                  | Stlth+} (You bought it in a shop on level 2 of the Orcish
                  | Mines)
 16873 | Orc:2    | Bought a potion of haste for 150 gold pieces
 16873 | Orc:2    | Bought a potion of might for 60 gold pieces
 16875 | Orc:2    | Bought a scroll of teleportation for 36 gold pieces
 16875 | Orc:2    | Bought a scroll of amnesia for 48 gold pieces
 16875 | Orc:2    | Bought a scroll of teleportation for 36 gold pieces
 16875 | Orc:2    | Bought a scroll of teleportation for 36 gold pieces
 16875 | Orc:2    | Bought a scroll of identify for 24 gold pieces
 16875 | Orc:2    | Bought a scroll of fear for 48 gold pieces
 16875 | Orc:2    | Bought a scroll of identify for 24 gold pieces
 17415 | Lair:1   | Received a gift from Nemelex Xobeh
 17881 | Lair:1   | Received a gift from Nemelex Xobeh
 18404 | Lair:2   | Found a staircase to the Shoals.
 18714 | Lair:2   | Received a gift from Nemelex Xobeh
 18739 | Lair:2   | Found a hole to the Spider Nest.
 19805 | Lair:3   | Reached skill level 5 in Armour
 19805 | Lair:3   | Reached skill level 5 in Stealth
 19920 | Lair:3   | Received a gift from Nemelex Xobeh
 19940 | Lair:3   | Noticed Fannar
 19948 | Lair:3   | Killed Fannar
 19995 | Lair:3   | Reached ****** piety under Nemelex Xobeh
 20038 | Lair:3   | Found a frozen archway.
 20061 | IceCv    | Entered an ice cave
 20227 | IceCv    | Reached XP level 14. HP: 80/80 MP: 19/24
 20693 | IceCv    | Received a gift from Nemelex Xobeh
 20693 | IceCv    | Found an ancient bone altar of Kikubaaqudgha.
 22426 | Lair:4   | Received a gift from Nemelex Xobeh
 23342 | Lair:4   | Received a gift from Nemelex Xobeh
 23435 | Lair:4   | Found a viscous altar of Jiyva.
 23437 | Lair:4   | Found a staircase to the Slime Pits.
 23962 | Lair:5   | Entered Level 5 of the Lair of Beasts
 23966 | Lair:5   | Found a gate leading to a gauntlet.
 23975 | Gauntlet | Entered a Gauntlet
 23975 | Gauntlet | Found a transporter.
 23984 | Gauntlet | Found a transporter.
 24002 | Gauntlet | Found a transporter.
 24005 | Gauntlet | Found a transporter.
 24026 | Gauntlet | Found a transporter.
 24039 | Gauntlet | Found a transporter.
 24052 | Gauntlet | Found a transporter.
 24054 | Gauntlet | Found the -2 hat of the Alchemist {rElec rPois rF+ rC+ rN+
                  | Will+ rMut rCorr}
 24078 | Gauntlet | Found a runed translucent door.
 24079 | Gauntlet | Found a transporter.
 24087 | Gauntlet | Found a transporter.
 24111 | Gauntlet | Found a transporter.
 24119 | Gauntlet | Found a transporter.
 24142 | Gauntlet | Received a gift from Nemelex Xobeh
 24144 | Gauntlet | Found a transporter.
 24255 | Gauntlet | Identified the +6 scimitar "Etiwan" {speed, *Rage rC+++ rN+
                  | Stlth-}
 24726 | Gauntlet | Identified the +1 scimitar of Zimokhe {vamp, +Blink rN+
                  | rCorr Dex+3}
 24731 | Gauntlet | Identified the amulet "Imucecit" {Spirit -Tele rC+++}
 25434 | Lair:4   | Learned a level 5 spell: Freezing Cloud
 25605 | Lair:5   | Reached skill level 1 in Ice Magic
 25971 | Lair:5   | Received a gift from Nemelex Xobeh
 25976 | Lair:5   | Reached XP level 15. HP: 90/90 MP: 17/25
 26521 | Lair:5   | Reached skill level 1 in Conjurations
 27110 | Lair:5   | Reached skill level 10 in Shields
 28006 | D:12     | Noticed Nessos
 28028 | D:12     | Killed Nessos
 28029 | D:12     | Reached skill level 5 in Conjurations
 28462 | D:12     | Received a gift from Nemelex Xobeh
 28733 | D:13     | Found Kuneamm's Antique Armour Boutique.
 28762 | D:13     | Bought a masterwork ring mail for 351 gold pieces
 28762 | D:13     | Identified the +3 ring mail of Cotz {Str+3} (You bought it
                  | in a shop on level 13 of the Dungeon)
 28979 | D:13     | Found a transporter.
 29019 | D:13     | Found Qionk's Distillery.
 29022 | D:13     | Bought a potion of curing for 45 gold pieces
 29022 | D:13     | Bought a potion of curing for 45 gold pieces
 29022 | D:13     | Bought a potion of curing for 45 gold pieces
 29244 | D:13     | Noticed Azrael
 29256 | D:13     | Killed Azrael
 29516 | D:13     | Noticed Sonja
 29520 | D:13     | Killed Sonja
 29575 | D:13     | Found Ceggotzu's Assorted Antiques.
 29735 | D:13     | Found Xifuma's General Store.
 29741 | D:13     | Bought a scroll of teleportation for 42 gold pieces
 29741 | D:13     | Bought a scroll of identify for 28 gold pieces
 29741 | D:13     | Bought a potion of heal wounds for 70 gold pieces
 29922 | D:13     | Received a gift from Nemelex Xobeh
 30033 | D:13     | Found Tuytzu's Book Boutique.
 30167 | D:14     | Found a shadowy altar of Dithmenos.
 30219 | D:14     | Noticed Rupert
 30237 | D:14     | Identified the -1 long sword of Prudence {flame, Will+++
                  | Dex+4 Stlth-}
 30239 | D:14     | Killed Rupert
 30569 | D:14     | Received a gift from Nemelex Xobeh
 30739 | D:14     | Noticed Kirke
 30833 | D:14     | Reached skill level 19 in Air Magic
 30939 | D:14     | Reached XP level 16. HP: 95/96 MP: 8/26
 31438 | D:14     | Reached skill level 20 in Air Magic
 31622 | D:14     | Killed Kirke
 31642 | D:14     | Found a gate to the Vaults.
 31790 | D:15     | Entered Level 15 of the Dungeon
 32208 | D:15     | Reached skill level 21 in Air Magic
 32391 | D:15     | Received a gift from Nemelex Xobeh
 32494 | D:15     | Learned a level 8 spell: Maxwell's Capacitive Coupling
 32783 | D:15     | Reached skill level 10 in Invocations
 32900 | D:15     | Found a staircase to the Depths.
 33403 | Shoals:1 | Entered Level 1 of the Shoals
 34608 | Shoals:1 | Received a gift from Nemelex Xobeh
 35151 | Shoals:1 | Received a gift from Nemelex Xobeh
 35869 | Shoals:2 | Noticed Polyphemus
 35901 | Shoals:2 | Killed Polyphemus
 36450 | Shoals:2 | Received a gift from Nemelex Xobeh
 36661 | Shoals:2 | Reached XP level 17. HP: 79/100 MP: 25/27
 37500 | Shoals:3 | Found Fakytik's General Store.
 38241 | Shoals:3 | Bought a potion of heal wounds for 60 gold pieces
 38241 | Shoals:3 | Bought a potion of resistance for 120 gold pieces
 38253 | Shoals:3 | Received a gift from Nemelex Xobeh
 38253 | Shoals:3 | Noticed Mara
 38255 | Shoals:3 | Identified the +0 hand axe of Moixuiri {elec, rPois MP+9
                  | Str+2}
 38532 | Shoals:3 | Noticed a kraken
 38555 | Shoals:3 | Noticed jamsaran's illusion
 38561 | Shoals:4 | Entered Level 4 of the Shoals
 39217 | Shoals:4 | Identified the +8 hand axe of Mixem {spect, rF++ rC++ MP-9}
 39259 | Shoals:4 | Paralysed by an air elemental for 1 turns
 39403 | Shoals:4 | Reached skill level 22 in Air Magic
 39715 | Shoals:4 | Noticed Mlioglotl
 39750 | Shoals:4 | Killed Mlioglotl
 40836 | Shoals:4 | Received a gift from Nemelex Xobeh
 40836 | Shoals:4 | Found a stormy altar of Qazlal.
 41007 | Shoals:4 | Paralysed by an air elemental for 1 turns
 42150 | Shoals:4 | Got a barnacled rune of Zot
 42153 | Shoals:4 | Identified the staff of the Old World {rC++ rN+ Int+5
                  | Necro}
 42697 | Spider:1 | Entered Level 1 of the Spider Nest
 42924 | Spider:1 | Learned a level 6 spell: Plasma Beam
 42969 | Spider:1 | Received a gift from Nemelex Xobeh
 43006 | Spider:1 | Reached skill level 1 in Fire Magic
 43115 | Spider:1 | Reached XP level 18. HP: 105/105 MP: 28/32
 43739 | Spider:1 | Identified the +1 leather armour "Ujouv" {+Inv rF- Str+6}
 43912 | Spider:2 | Reached skill level 5 in Fire Magic
 43983 | Spider:2 | Noticed Frances
 43987 | Spider:2 | Frances changed into Frances the two-headed ogre
 43987 | Spider:2 | Noticed Frances
 43989 | Spider:2 | Killed Frances the two-headed ogre
 45631 | Spider:3 | Noticed Arachne
 45898 | Spider:3 | Noticed Agnes
 45906 | Spider:3 | Killed Agnes
 45952 | Spider:3 | Received a gift from Nemelex Xobeh
 46850 | Spider:3 | Arachne changed into Arachne the faun
 46850 | Spider:3 | Noticed Arachne
 46855 | Spider:3 | Killed Arachne the faun
 47440 | Spider:3 | Noticed Roxanne
 47613 | Spider:3 | Received a gift from Nemelex Xobeh
 48274 | Spider:4 | Entered Level 4 of the Spider Nest
 48374 | Spider:3 | Learned a level 6 spell: Conjure Ball Lightning
 48709 | Spider:4 | Reached skill level 10 in Spellcasting
 49735 | Spider:4 | Reached skill level 23 in Air Magic
 51566 | Spider:4 | Identified the +1 robe "Silemode" {Str+2}
 51593 | Spider:4 | Received a gift from Nemelex Xobeh
 51606 | Spider:4 | Reached XP level 19. HP: 110/110 MP: 19/34
 51977 | Spider:4 | Got a gossamer rune of Zot
 52067 | Spider:4 | Reached skill level 10 in Conjurations
 52562 | Elf:1    | Entered Level 1 of the Elven Halls
 53383 | Elf:1    | Identified the +5 executioner's axe "Buiblei" {flame, Will+
                  | Dex+3}
 54063 | Elf:1    | HP: 5/110 [poisoned by a +6 halberd of venom]
 54212 | Elf:1    | Paralysed by an air elemental for 1 turns
 54497 | Elf:1    | Received a gift from Nemelex Xobeh
 55396 | Elf:1    | Found a runed translucent gate.
 55396 | Elf:1    | Found a runed translucent gate.
 55397 | Elf:1    | Found a runed translucent gate.
 55398 | Elf:1    | Noticed Pooter's ghost (adept MiBe)
 55703 | Elf:1    | Found a viscous altar of Jiyva.
 55781 | Elf:2    | Received a gift from Nemelex Xobeh
 56129 | Elf:2    | Reached skill level 1 in Alchemy
 56133 | Elf:2    | Reached skill level 15 in Invocations
 56505 | Elf:2    | Paralysed by an air elemental for 1 turns
 56791 | Elf:2    | Received a gift from Nemelex Xobeh
 57571 | Elf:2    | Found a runed translucent gate.
 57572 | Elf:2    | Found a runed translucent gate.
 57572 | Elf:2    | Found a runed translucent gate.
 57807 | Elf:2    | Learned a level 3 spell: Mephitic Cloud
 60215 | Elf:2    | Received a gift from Nemelex Xobeh
 60297 | Elf:2    | Slain by a +1 triple sword of freezing

Illustrated notes

Levels and vault maps discovered:
D:1:      onia_arrival_zoo_common, layout_basic, grunt_decor_junction,
          hangedman_decor_growths, nrook_uturn
D:2:      layout_rooms
D:3:      layout_basic, nemelex_diamond_rough_becter, okawaru_altar_gauntlet_db,
          uniq_robin
D:4:      layout_basic, grunt_ministairs_15, uniq_crazy_yiuf_cottage, uniq_ijyb
D:5:      layout_rooms, lemuel_mausoleum_altar_yredelemnul,
          minmay_temple_entry_water_ring, serial_shops,
          nicolae_shop_hallway_plus, corexii_hall_statues_l
D:6:      layout_loops_corners, nicolae_overflow_hidden_temple,
          minmay_ruined_shrine
D:7:      layout_loops_corners, uniq_maurice
D:8:      layout_gridville, nicolae_ru_awakened_eye, serial_shops,
          nicolae_shop_behind_doors, nicolae_shop_waterfront,
          hellmonk_guarded_unrand_vitality_bloodlust
D:9:      layout_cave_pools, nicolae_overflow_crystal_walls,
          nicolae_wu_jian_immortal_techniques,
          mainiacjoe_overflow_surrounded_room, small_statue_intersection,
          grunt_livestock
D:10:     layout_roguey, orc_0_dummy
D:11:     layout_irregular_city, erik_lair_island, nicolae_vehumet_radiance,
          uniq_snorg
D:12:     layout_small_grid, uniq_nessos
D:13:     layout_roguey, serial_shops, shop, shop, shop, kennysheep_mini_moat,
          shop, nicolae_diode_basic, uniq_azrael, uniq_sonja
D:14:     layout_cave_pools, ximxim_vaults_locker_room,
          nicolae_dithmenos_the_darkroom, fountainhead, drop_trap, uniq_rupert,
          uniq_kirke
D:15:     hangedman_depths_entry_try_elsewhere_first, layout_loops_ring
Lair:1:   layout_cave_pods, serial_bayou, serial_bayou_shore_b,
          serial_bayou_pond_e, serial_bayou_shore_a, serial_bayou_pond_d,
          small_statue_intersection
Lair:2:   layout_cave_shapes, shoals_dummy_entry, spider_nest_entry_a,
          patterned_corridor
Lair:3:   layout_cave_pods, portal_ice_cave_entry_ice_simulacra, uniq_fannar
Lair:4:   layout_roguey, minmay_slime_entry_oklob_enclosed
Lair:5:   hangedman_lair_in_review, layout_hall_layers, wormcave,
          gauntlet_entry_generic, lemuel_fruit_tree, lemuel_fruit_fields
Shoals:1: layout_shoals, abandoned_shop, abandoned_shop
Shoals:2: layout_shoals, uniq_polyphemus
Shoals:3: layout_shoals, serial_shops, nicolae_diamond_shop, uniq_mara
Shoals:4: shoals_end_hellmonk_storm_palace [storm_palace_center_circular,
          storm_palace_corner_altar, storm_palace_corner_reverse_hut,
          storm_palace_corner_blocked, storm_palace_corner_pillars],
          uniq_mlioglotl
Spider:1: nicolae_spider_mines_1, hellmonk_watch_for_rolling_rocks
Spider:2: layout_spider_delve, uniq_frances
Spider:3: layout_spider_delve, nicolae_spider_jagged_tunnels, uniq_agnes,
          uniq_roxanne, uniq_arachne
Spider:4: grunt_spider_rune_circles, drop_trap, nicolae_spider_circle_web
Orc:1:    nicolae_orc_accident_1, layout_caves
Orc:2:    st_orc_pillars, layout_caves, serial_shops, shop
Elf:1:    eino_elf_arrival_shootout, layout_gridlike, gammafunk_ghost_ooze,
          kilobyte_rumbling_trees, grunt_megastairs_1
Elf:2:    nicolae_elf_blades_splatter_lattice
          [nicolae_blade_entry_hurt_lockers], layout_geoelf_octagon

Skill      XL: |  1  2  3  4  5  6  7  8  9 10 11 12 13 14 15 16 17 18 19 |
---------------+----------------------------------------------------------+-----
Summonings     | 5 6 7 8 9 |  9.0
Spellcasting   | 3 4 6 9 10 11 | 11.0
Air Magic      | 2 5 6 8 9 12 13 18 19 21 22 23 | 23.0
Armour         | 3 6 9 |  9.0
Fighting       | 2 4 6 9 |  9.0
Shields        | 2 3 4 6 8 12 | 12.0
Dodging        | 3 6 9 |  9.0
Stealth        | 3 6 7 9 |  9.0
Polearms       | 3 |  3.0
Invocations    | 3 4 9 11 13 14 15 | 15.0
Evocations     | 3 |  3.0
Maces & Flails | 6 9 |  9.0
Ice Magic      | 1 3 |  3.0
Conjurations   | 9 14 | 14.3
Fire Magic     | 3 9 |  9.0
Alchemy        | 3 |  3.0

Action                     |  1- 3 |  4- 6 |  7- 9 | 10-12 | 13-15 | 16-18 | 19-21 || total
---------------------------+-------+-------+-------+-------+-------+-------+-------++-------
  Melee: Unarmed           |     5 |       |       |       |       |       |       ||     5
         Kick              |     9 |    20 |    33 |    39 |   122 |   220 |    50 ||   493
         Whip              |    33 |     7 |       |       |       |       |       ||    40
         Peck              |     2 |    10 |    20 |    22 |    75 |   122 |    33 ||   284
         Spear             |       |    78 |   100 |    43 |       |       |       ||   221
         Mace              |       |       |       |    91 |   279 |   491 |   166 ||  1027
   Cast: Summon Small Mamm |    30 |     2 |       |       |       |       |       ||    32
         Call Canine Famil |     3 |    13 |    16 |    24 |    20 |     7 |       ||    83
         Summon Lightning  |       |     3 |    49 |   104 |   192 |   239 |    57 ||   644
         Airstrike         |       |       |       |    25 |    37 |   129 |    19 ||   210
         Swiftness         |       |       |       |       |     2 |     1 |       ||     3
         Freezing Cloud    |       |       |       |       |     1 |    30 |     7 ||    38
         Maxwell's Capacit |       |       |       |       |       |     5 |    31 ||    36
         Plasma Beam       |       |       |       |       |       |    45 |    50 ||    95
         Mephitic Cloud    |       |       |       |       |       |       |     1 ||     1
 Invoke: Draw Destruction  |       |       |       |     3 |    32 |    36 |     1 ||    72
         Draw Summoning    |       |       |       |       |    14 |    14 |     2 ||    30
         Deal Four         |       |       |       |       |     2 |     2 |     3 ||     7
         Draw Escape       |       |       |       |       |       |     6 |     7 ||    13
         Draw Stack        |       |       |       |       |       |       |     4 ||     4
         Stack Five        |       |       |       |       |       |       |     1 ||     1
    Use: Scroll            |       |     3 |     5 |    11 |    15 |    11 |    15 ||    60
         Potion            |       |       |     3 |     3 |     4 |     6 |     8 ||    24
   Stab: Distracted        |       |     1 |     1 |     6 |    11 |    16 |       ||    35
         Sleeping          |       |       |     1 |       |       |       |     1 ||     2
         Betrayed ally     |       |       |       |       |       |       |     1 ||     1
 Armour: Robe              |    25 |    22 |     2 |       |     5 |       |       ||    54
         Leather armour    |       |       |    29 |       |    52 |       |   202 ||   283
         Steam dragon scal |       |       |       |    15 |       |       |       ||    15
         Troll leather arm |       |       |       |    64 |    33 |    98 |       ||   195
         Acid dragon scale |       |       |       |       |    49 |   244 |    14 ||   307
         Ring mail         |       |       |       |       |    40 |    41 |       ||    81
  Dodge: Dodged            |    55 |    81 |   100 |   230 |   513 |   788 |   281 ||  2048
  Block: Buckler           |       |       |     7 |    62 |   243 |   364 |   140 ||   816
         Reflection        |       |       |       |       |       |     8 |       ||     8

Table legend: (Time is in decaauts)
 A = Elapsed time spent in this place.
 B = Non-inter-level travel time spent in this place.
 C = Inter-level travel time spent in this place.
 D = Time resting spent in this place.
 E = Time spent auto-exploring this place.
 F = Levels seen in this place.
 G = Mean time per level.
                   A        B        C        D        E       F      G
               +--------+--------+--------+--------+--------+-----+--------+
         Total |  60381 |  57704 |   2677 |  21678 |  24675 |  34 | 1775.9 |
       Dungeon |  20478 |  19049 |   1429 |   3836 |  11294 |  15 | 1365.2 |
          Lair |   8283 |   7882 |    401 |   1604 |   4741 |   5 | 1656.6 |
        Shoals |   9137 |   9011 |    126 |   4963 |   2560 |   4 | 2284.2 |
   Spider Nest |   9698 |   9217 |    481 |   4819 |   2830 |   4 | 2424.5 |
  Orcish Mines |   2859 |   2711 |    148 |    857 |   1270 |   2 | 1429.5 |
   Elven Halls |   7564 |   7474 |     90 |   4524 |   1452 |   2 | 3782.0 |
      Ice Cave |   1390 |   1390 |      0 |    635 |    273 |   1 | 1390.0 |
      Gauntlet |    970 |    970 |      0 |    440 |    254 |   1 |  970.0 |
               +--------+--------+--------+--------+--------+-----+--------+

Top non-repeatable levels by time:
   Elf:2: 4056 daAuts
   Elf:1: 3507 daAuts
Shoals:4: 3186 daAuts
Spider:3: 3125 daAuts
Spider:4: 2727 daAuts
Spider:2: 2666 daAuts
    D:11: 2520 daAuts
Shoals:1: 2442 daAuts
  Lair:5: 2407 daAuts
Shoals:2: 2382 daAuts
     D:5: 2069 daAuts
  Lair:4: 1942 daAuts
   Orc:2: 1839 daAuts
    D:14: 1682 daAuts
     D:7: 1654 daAuts
